 Dungeon Crawl Stone Soup version 0.17-a0-2220-g6fea741 (webtiles) character file.

133 radek the Conjurer (level 4, -8/24 HPs)
             Began as a Deep Elf Conjurer on Oct 28, 2015.
             Mangled by an ogre
             ... wielding a +0 giant club
              (21 damage)
             ... on level 4 of the Dungeon.
             The game lasted 00:08:37 (2750 turns).

radek the Conjurer (Deep Elf Conjurer)              Turns: 2750, Time: 00:08:37

Health: -8/24      AC:  2    Str:  6    XL:     4   Next: 94%
Magic:  6/10       EV: 13    Int: 20    God:
Gold:   131        SH:  0    Dex: 15    Spells: 1 memorised, 8 levels left

rFire  . . .     SeeInvis .     d - +0 short sword
rCold  . . .     Clarity  .     a - +0 robe
rNeg   + . .     SustAt   .     (no shield)
rPois  .         Gourm    .     (no helmet)
rElec  .         Spirit   .     (no cloak)
rCorr  .         Warding  +     (no gloves)
rMut   .         Stasis   .     (no boots)
MR     .....                    h - amulet of warding
Stlth  ++........               (no ring)
                                (no ring)

@: not resistant to hostile enchantments, unstealthy
A: no striking features
a: no special abilities


You were on level 4 of the Dungeon.
You were not hungry.

You visited 1 branch of the dungeon, and saw 4 of its levels.

You collected 131 gold pieces.

Inventory:

Hand Weapons
 d - a +0 short sword (weapon)
Armour
 a - a +0 robe (worn)
Jewellery
 h - an amulet of warding (around neck)
 r - a +4 ring of protection {unknown}
Wands
 s - a wand of slowing (16)
Scrolls
 i - 5 scrolls of identify {unknown}
 j - a scroll of random uselessness {unknown}
 k - a scroll of noise {unknown}
 m - a scroll of immolation {unknown}
 o - a scroll of remove curse {unknown}
Potions
 e - 3 potions of lignification {unknown}
 f - 4 potions of curing {unknown}
 l - a potion of brilliance {unknown}
 n - a potion of cancellation {unknown}
 p - a potion of degeneration {unknown}
 q - 3 potions of heal wounds {unknown}
Books
 b - a book of Conjurations

   Spells                             Type                      Level
   a - Magic Dart                     Conjuration                  1
   b - Searing Ray                    Conjuration                  2
   c - Dazzling Spray                 Conjuration/Hexes            3
   d - Fulminant Prism                Conjuration/Hexes            4
   e - Iskenderun's Mystic Blast      Conjuration                  4
   f - Iskenderun's Battlesphere      Conjuration/Charms           5
Comestibles
 c - a bread ration
 g - 2 slices of pizza
 t - a chunk of flesh


   Skills:
 - Level 2.4 Dodging
 - Level 2.4 Stealth
 - Level 3.0 Spellcasting
 + Level 6.9 Conjurations


You had 8 spell levels left.
You knew the following spells:

 Your Spells              Type           Power        Failure   Level  Hunger
a - Magic Dart            Conj           ####         1%          1    None


Dungeon Overview and Level Annotations

Branches:
Dungeon (4/15)
 Temple: D:4-7

Altars:
Qazlal
Zin

Annotations:
D:3 Ijyb


Message History

The magic dart hits the ogre.
The ogre is lightly wounded.
The ogre hits you with a giant club!
Casting: Magic Dart
Confirm with . or Enter, or press ? or * to list all spells.
Aiming: Magic Dart
Press: ? - help, Shift-Dir - straight line, f/p - ogre
Aim: an ogre, wielding a giant club (lightly wounded)
The magic dart hits the ogre.
The ogre is lightly wounded.
Casting: Magic Dart
Confirm with . or Enter, or press ? or * to list all spells.
Aiming: Magic Dart
Press: ? - help, Shift-Dir - straight line, f/p - ogre
Aim: an ogre, wielding a giant club (lightly wounded)
The magic dart hits the ogre.
The ogre is moderately wounded.
The ogre hits you with a giant club!!
Ouch! That really hurt!
You die...

#######.###
#..........
###.###
#.O..<#
#@##..#
#.##..#
#.###.# #.#
#.# #.# #.#
#.# #.# #.#
#.# #.#


You could see an ogre.

Vanquished Creatures
  Natasha (twice) (D:3)
  5 adders
  2 worms (D:2)
  3 giant geckos
  6 bats
  4 giant cockroaches
  6 hobgoblins
  6 kobolds
  4 ball pythons
  5 giant newts
  7 goblins
  5 rats
  A plant (D:3)
56 creatures vanquished.

Notes
Turn   | Place    | Note
--------------------------------------------------------------
     0 | D:1      | radek the Deep Elf Conjurer began the quest for the Orb.
     0 | D:1      | Reached XP level 1. HP: 10/10 MP: 6/6
   125 | D:1      | Reached XP level 2. HP: 15/15 MP: 1/8
   200 | D:1      | Reached skill level 5 in Conjurations
   662 | D:2      | Reached XP level 3. HP: 19/19 MP: 1/9
  1692 | D:2      | Reached skill level 6 in Conjurations
  1892 | D:3      | Found a stormy altar of Qazlal.
  1896 | D:3      | Reached XP level 4. HP: 24/24 MP: 5/10
  1960 | D:3      | Noticed Ijyb
  2005 | D:3      | Found a glowing silver altar of Zin.
  2052 | D:3      | Noticed Natasha
  2056 | D:3      | Killed Natasha
  2155 | D:3      | Found a faded altar to an unknown god.
  2296 | D:3      | Noticed Natasha
  2300 | D:3      | Killed Natasha
  2744 | D:4      | Noticed an ogre
  2750 | D:4      | Mangled by an ogre

Vault maps used:
D:1:      dpeg_arrival_erosion
D:3:      lemuel_round_altar, nicolae_ru_path_of_blood,
          nicolae_overflow_hidden_temple, ecumenical_altar_1,
          minmay_misc_feat_room, serial_bayou_lagoon_a, dk_noncrumbling_3,
          uniq_iyjb, uniq_natasha
D:4:      ashenzari_altar_1, okawaru_trees_2

Action                   |  1- 3 |  4- 6 || total
-------------------------+-------+-------++-------
Melee: Short sword       |    79 |    11 ||    90
 Cast: Magic Dart        |    85 |    57 ||   142
  Eat: Chunk             |     3 |     1 ||     4
       Meat ration       |       |     1 ||     1
